 Dungeon Crawl Stone Soup version 0.30-a0-459-g9104f0fc43 (webtiles) character file.

Game seed: 6621604513764811923

379774 zero the Sorcerer (level 22, 0/128 (136) HPs)
             Began as a Gargoyle Conjurer on Dec 15, 2022.
             Was an Initiate of Gozag.
             Slain by a vampire knight
             ... wielding a +0 great sword
              (18 damage)
             ... on level 1 of the Crypt.
             The game lasted 01:57:27 (66002 turns).

zero the Sorcerer (Gargoyle Conjurer)              Turns: 66002, Time: 01:57:28

HP:   0/128 (136)   AC: 27    Str: 12    XL:     22   Next: 86%
MP:   6/57          EV: 12    Int: 48    God:    Gozag
Gold: 8904          SH:  6    Dex:  8    Spells: 11/66 levels left

rFire   + + .      SeeInvis .    C - +7 broad axe "Telox" {holy, *Noise rElec Will+ Int+8}
rCold   + + +      Faith    .    W - +3 buckler
rNeg    + + .      Spirit   .    j - +2 robe {Archmagi}
rPois   ∞          Reflect  .    l - -2 hat of the Alchemist {rElec rPois rF+ rC+ rN+ Will+ rMut rCorr}
rElec   +          Harm     .    L - scarf {rC+ rF+}
rCorr   +          Rampage  .    F - +2 pair of gloves of Jeshuask {*Corrode rElec Regen+ Int+7}
rMut    +          Archmagi +    U - +3 pair of mountain boots {steadfast, rC+}
Will    +++..                    N - amulet of magic regeneration
Stlth   +++.......               H - ring "Wair" {Wiz rElec rCorr Int+4}
HPRegen 1.21/turn                q - ring of magical power
MPRegen 0.75/turn

@: gold aura, flying, drained
A: sickness immunity, AC +16, big wings, negative energy resistance 1,
electricity resistance, torment resistance 1, petrification resistance
}: 2/15 runes: serpentine, barnacled
a: Renounce Religion, Potion Petition, Call Merchant, Bribe Branch


You were on level 1 of the Crypt.
You worshipped Gozag.
Gozag was greatly pleased with you.
You visited 9 branches of the dungeon, and saw 39 of its levels.
You also visited: Ossuary and Ice Cave.

You collected 23693 gold pieces.
You spent 6346 gold pieces at shops.
You paid 8443 gold pieces to Gozag.

Inventory:

Hand Weapons
 C - the +7 broad axe "Telox" (weapon) {holy, *Noise rElec Will+ Int+8}
   (You bought it in a shop on level 1 of the Dungeon)

   It has been blessed by the Shining One to cause great damage to the undead
   and demons.
   Int:       It affects your intelligence (+8).
   rElec:     It insulates you from electricity.
   *Noise:    It may make noises in combat.
   Will:      It increases your willpower.
Missiles
 y - a throwing net
Armour
 j - a +2 robe of the Archmagi (worn)
 l - the -2 hat of the Alchemist (worn) {rElec rPois rF+ rC+ rN+ Will+ rMut rCorr}
   (You bought it in a shop on level 14 of the Dungeon)

   rF:        It protects you from fire.
   rC:        It protects you from cold.
   rElec:     It insulates you from electricity.
   rPois:     It protects you from poison.
   rN:        It protects you from negative energy.
   rCorr:     It protects you from acid and corrosion.
   rMut:      It protects you from mutation.
   Will:      It increases your willpower.
 F - the +2 pair of gloves of Jeshuask (worn) {*Corrode rElec Regen+ Int+7}
   (You found it on level 3 of the Elven Halls)

   Int:       It affects your intelligence (+7).
   rElec:     It insulates you from electricity.
   Regen:     It increases your rate of health regeneration.
   *Corrode:  It may corrode you when you take damage.
 L - a scarf of resistance (worn)
 U - the +3 pair of mountain boots (worn) {steadfast, rC+}
   (You bought it in a shop on level 14 of the Dungeon)

   It prevents involuntary movement, except for blinking, teleportation, or
   banishment.
   rC:        It protects you from cold.
 W - a +3 buckler (worn)
Jewellery
 f - a ring of magical power
 g - an amulet of regeneration
 p - a +6 ring of intelligence
 q - a ring of magical power (right hand)
 B - a ring of see invisible
 H - the ring "Wair" (left hand) {Wiz rElec rCorr Int+4}
   (You found it on level 4 of the Shoals)

   [ring of wizardry]

   It improves your spell success rate.
   Int:       It affects your intelligence (+4).
   rElec:     It insulates you from electricity.
   rCorr:     It protects you from acid and corrosion.
 N - an amulet of magic regeneration (around neck)
Wands
 a - a wand of quicksilver (10)
 G - a wand of mindburst (7)
 J - a wand of paralysis (14)
 P - a wand of digging (14)
 T - a wand of roots (8)
 V - a wand of polymorph (14)
Scrolls
 c - 9 scrolls of amnesia
 k - 7 scrolls of teleportation
 v - 8 scrolls of fear
 w - 11 scrolls of poison
 z - 8 scrolls of torment
 A - 3 scrolls of blinking
 D - 3 scrolls of summoning
 K - a scroll of silence
 M - 2 scrolls of immolation
 R - 3 scrolls of fog
 Y - 2 scrolls of magic mapping
Potions
 b - a potion of magic
 d - 4 potions of invisibility
 e - 7 potions of heal wounds
 h - 7 potions of haste
 i - 7 potions of might
 m - 3 potions of ambrosia
 n - 11 potions of cancellation
 o - 3 potions of berserk rage
 s - 28 potions of curing
 t - 6 potions of resistance
 x - 8 potions of lignification
 I - 4 potions of brilliance
 X - 5 potions of mutation
Miscellaneous
 u - a phantom mirror
 E - a tin of tremorstones (2/2)
 O - a phial of floods
 Q - a condenser vane
 S - a lightning rod (4/4)


   Skills:
 * Level 13.5 Fighting
 + Level 8.8 Armour
 - Level 5.0 Dodging
 - Level 8.0 Stealth
 - Level 2.0 Shields
 + Level 22.6 Spellcasting
 * Level 8.9 Conjurations
 - Level 5.0 Necromancy
 - Level 5.0 Translocations
 + Level 17.8 Fire Magic
 + Level 16.5 Ice Magic
 + Level 3.8 Air Magic
 * Level 8.6 Earth Magic
 - Level 5.0 Evocations


You had 11 spell levels left.
You knew the following spells:

 Your Spells              Type           Power      Damage    Failure   Level
a - Chain Lightning       Conj/Air       54%        3d72      100%        9
b - Shatter               Erth           58%        3d44*     98%         9
c - Iskenderun's Mystic   Conj/Tloc      100%       2d19      1%          4
d - Ignition              Fire           73%        3d19      1%          8
e - Blink                 Tloc           100%       N/A       1%          2
f - Swiftness             Air            95%        N/A       1%          3
g - Lehudib's Crystal Sp  Conj/Erth      59%        10d14     26%         8
h - Ozocubu's Refrigerat  Ice            72%        4d23      1%          7
v - Borgnjor's Vile Clut  Necr/Erth      55%        N/A       1%          5

Your spell library contained the following spells:

 Spells                   Type           Power      Damage    Failure   Level
 Freeze                   Ice            100%       1d10      0%          1
 Magic Dart               Conj           100%       1d8       0%          1
 Ensorcelled Hibernation  Hex/Ice        100%       N/A       0%          2
 Searing Ray              Conj           100%       2d8       0%          2
 Frozen Ramparts          Ice            100%       1d16      0%          3
 Hailstorm                Conj/Ice       100%       3d20      0%          3
 Ozocubu's Armour         Ice            100%       N/A       0%          3
 Flame Wave               Conj/Fire      100%       2d21      0%          4
 Sticky Flame             Conj/Fire      100%       2d11      0%          4
 Shock                    Conj/Air       100%       1d9       1%          1
 Slow                     Hex            100%       N/A       1%          1
 Call Imp                 Summ           69%        N/A       1%          2
 Passwall                 Tmut/Erth      80%        N/A       1%          2
 Static Discharge         Conj/Air       100%       2-7/arc   1%          2
 Wereblood                Tmut           69%        N/A       1%          2
 Call Canine Familiar     Summ           69%        N/A       1%          3
 Confusing Touch          Hex            69%        N/A       1%          3
 Dazzling Flash           Conj/Hex       100%       N/A       1%          3
 Gell's Gravitas          Tloc           100%       N/A       1%          3
 Inner Flame              Hex/Fire       100%       N/A       1%          3
 Kindle Blastsparks       Fire/Tloc/Air  100%       2d18      1%          3
 Mephitic Cloud           Conj/Pois/Air  97%        N/A       1%          3
 Portal Projectile        Hex/Tloc       100%       N/A       1%          3
 Stone Arrow              Conj/Erth      100%       3d13      1%          3
 Vampiric Draining        Necr           100%       2d13      1%          3
 Vhi's Electric Charge    Tloc/Air       100%       N/A       1%          3
 Airstrike                Air            47%        2d(7-23)  1%          4
 Animate Armour           Summ/Erth      100%       N/A       1%          4
 Fulminant Prism          Conj/Hex       49%        3d21      1%          4
 Ice Form                 Ice/Tmut       100%       N/A       1%          4
 Leda's Liquefaction      Hex/Erth       48%        N/A       1%          4
 Olgreb's Toxic Radiance  Pois           69%        N/A       1%          4
 Petrify                  Tmut/Erth      97%        N/A       1%          4
 Summon Ice Beast         Ice/Summ       100%       N/A       1%          4
 Arcjolt                  Conj/Air       54%        1d64      1%          5
 Freezing Cloud           Conj/Ice/Air   61%        6-21      1%          5
 Irradiate                Conj/Tmut      49%        3d28      1%          5
 Lightning Bolt           Conj/Air       54%        1d75      1%          5
 Metabolic Englaciation   Hex/Ice        58%        N/A       1%          5
 Iron Shot                Conj/Erth      59%        9d11      1%          6
 Alistair's Intoxication  Tmut/Pois      46%        N/A       4%          5
 Blade Hands              Tmut           34%        N/A       4%          5
 Summon Mana Viper        Hex/Summ       69%        N/A       4%          5
 Yara's Violent Unravell  Hex/Tmut       34%        3d14      4%          5
 Polar Vortex             Ice            72%        N/A       16%         9
 Eringya's Noxious Bog    Tmut/Pois      34%        N/A       22%         6
 Fire Storm               Conj/Fire      67%        8d17      50%         9
 Enfeeble                 Hex            34%        N/A       75%         7
 Monstrous Menagerie      Summ           34%        N/A       75%         7
 Summon Hydra             Summ           34%        N/A       75%         7
 Maxwell's Capacitive Co  Air            47%        ∞         86%         8
 Sublimation of Blood     Necr           Unusable   N/A       N/A         2
 Simulacrum               Ice/Necr       Unusable   N/A       N/A         6

Dungeon Overview and Level Annotations

Branches:
Dungeon (15/15)            Temple (1/1) D:4            Lair (5/5) D:9
 Shoals (4/4) Lair:2        Snake (4/4) Lair:2        Slime (0/5) Lair:5
    Orc (2/2) D:11            Elf (3/3) Orc:2        Vaults (4/5) D:13
  Crypt (1/3) Vaults:3     Depths (0/4) D:15        Ossuary (visited)
  IceCv (visited)

Altars:
Ashenzari
Cheibriados
Dithmenos
Elyvilon
Fedhas
Gozag
Hepliaklqana
Kikubaaqudgha
Makhleb
Nemelex Xobeh
Okawaru
Qazlal
Ru
Sif Muna
Trog
Uskayaw
Vehumet
Wu Jian
Xom
Yredelemnul
Zin
The Shining One
Jiyva

Shops:
D:1 *(!=   D:4 ?   D:6 [   D:8 *   D:9 *   D:14 [(*   Orc:1 =!:   Orc:2 !:!((*[
Elf:1 :=:   Elf:2 !   Lair:1 =   Lair:4 [   Shoals:1 *   Snake:1 ***
Snake:3 *   Vaults:2 =

Annotations:
D:14 Roxanne
Snake:4 3 runed translucent doors, exclusion: obsidian statue, Xeredd's ghost, adept KoGl


Innate Abilities, Weirdness & Mutations

You are immune to sickness and miasma.
Your stone body is resilient. (AC +16)
You are immune to poison.
Your large and strong wings let you fly.
You resist negative energy. (rN+)
You are resistant to electric shocks. (rElec)
You are resistant to unholy torment.
You are immune to petrification.


Message History

You block something's attack. Something bites you but does no damage.
The eidolon stares piercingly at you.
The bolt of negative energy hits something.
The bolt of negative energy hits you! You partially resist.
You feel drained.
Casting: Borgnjor's Vile Clutch (mildly dangerous; 1% risk of failure)
Confirm with . or Enter, or press ? or * to list all spells.
You feel a surge of power!
The heat is drained from your surroundings.
The eidolon resists.
The eidolon is almost destroyed.
The sea snake skeleton resists.
The sea snake skeleton is moderately damaged.
You hear some strange, mumbled words.
Something tries to affect you, but you resist.
Something hits you! Something bites you but does no damage. Something hits you.
Something bites you!
* * * LOW HITPOINT WARNING * * *
Something hits you!!
* * * LOW HITPOINT WARNING * * *
Something completely misses you.
Casting: Ozocubu's Refrigeration (mildly dangerous; 1% risk of failure)
Confirm with . or Enter, or press ? or * to list all spells.
Casting: Ignition (dangerous; 1% risk of failure)
Press: ? - help, Dir - look around, f - activate You feel a surge of power!
The air bursts into flame!
The fireball engulfs the eidolon!!
You destroy the eidolon!
The fireball engulfs something.
The fireball engulfs the sea snake skeleton!!
The sea snake skeleton is severely damaged.
The fireball engulfs the sea snake skeleton!!!
You destroy the sea snake skeleton!
Something hits you but does no damage. Something bites you but does no damage.
Casting: Ignition (dangerous; 1% risk of failure)
Confirm with . or Enter, or press ? or * to list all spells.
You don't have enough magic to cast this spell.
Unknown command.
Something hits you!!
You die...
Your body crumbles into a pile of gold.

#.# ######...# #.#
#...# #.# #...# #.#
#...# #.# #...# #.#
#...# #######.# #...#
........##########...#
............$....@...#
.####.......$........#
#..###########...#
#..# #...# .####..#
#...# .......# #...#
.......######### #.^.#
.Z....)......... ....#
################ ####


There were no monsters in sight!

Vanquished Creatures
  Mennas (Vaults:3)
  Vashnia (Snake:2)
  Nikola (Elf:1)
  Asterion (Snake:2)
  Rupert (D:13)
  A deep elf blademaster (Elf:3)
  A deep elf master archer (Elf:3)
  2 krakens
  Polyphemus (Shoals:3)
  2 sphinxes
  Gastronok (Lair:1)
  Kirke (D:13)
  2 ancient champions (Crypt:1)
  A shadow dragon (Vaults:3)
  A fire giant (Vaults:4)
  2 frost giants
  4 deep elf sorcerers (Elf:3)
  Aizul (Snake:2)
  A ghoul (Crypt:1)
  The ghost of emiel the Ogre Mage, a journeyman OgEE of Ru (Shoals:1)
  A curse skull (Crypt:1)
  9 vault wardens
  2 deep elf elementalists (Elf:3)
  15 very ugly things
  12 ironbound preservers
  The ghost of zero the Thaumaturge, a journeyman OpCj of Gozag (Orc:2)
  A stone giant (Vaults:3)
  3 war gargoyles
  7 ironbound thunderhulks
  2 deep elf demonologists (Elf:3)
  3 vampire knights (Crypt:1)
  6 deep elf annihilators (Elf:3)
  An eidolon (Crypt:1)
  8 merfolk impalers
  2 crystal guardians
  4 deep elf death magi
  An ettin (D:15)
  3 deep elf high priests
  5 merfolk javelineers
  8 yaktaur captains
  6 salamander tyrants
  6 great orbs of eyes
  Erolcha (D:13)
  3 entropy weavers
  5 vault guards
  A caustic shrike simulacrum (IceCv)
  4 ogre magi (Orc:2)
  6 peacekeepers
  6 merfolk avatars
  3 catoblepae
  3 centaur warriors
  6 hydras
  A two-headed ogre (shapeshifter) (Vaults:4)
  4 alligator snapping turtles
  6 anacondas
  A death knight (Crypt:1)
  13 ironbound frosthearts
  3 satyrs
  26 dancing weapons
  17 two-headed ogres
  4 merfolk aquamancers (Shoals:2)
  11 death yaks
  11 boulder beetles
  18 naga warriors
  2 tengu warriors (D:15)
  A vampire mage (Crypt:1)
  Sonja (Orc:2)
  18 deep elf knights
  A titan zombie (Vaults:4)
  9 shock serpents
  A sun demon (D:10)
  25 naga sharpshooters
  6 salamander mystics
  5 skeletal warriors (Crypt:1)
  Amaemon (Lair:3)
  13 sea snakes
  32 deep trolls
  A glowing orange brain (Vaults:4)
  A ghost moth zombie (Crypt:1)
  6 naga ritualists
  2 phantasmal warriors (Crypt:1)
  24 ironbound convokers
  A golden dragon skeleton (Vaults:4)
  6 wizards
  4 lindwurms
  6 deep elf archers
  8 harpies
  Pikel (D:6)
  2 orc knights
  7 mana vipers
  34 deep elf zephyrmancers
  A sphinx zombie (Vaults:4)
  6 necromancers
  A shadow dragon zombie (Vaults:4)
  3 orc sorcerers
  A fire giant zombie (Vaults:4)
  28 ugly things
  27 deep elf pyromancers
  29 manticores
  13 fauns
  9 cyclopes
  A stone giant zombie (Vaults:4)
  A human zombie (Vaults:4)
  5 merfolk sirens
  26 salamanders
  An iron dragon skeleton (Vaults:4)
  An oklob plant (Lair:1)
  42 black mambas
  11 guardian serpents
  6 elephants
  A stone giant skeleton (Crypt:1)
  A naga zombie (Crypt:1)
  A frost giant skeleton (Vaults:4)
  5 water nymphs
  12 vault sentinels
  A torpor snail (Lair:1)
  14 cane toads
  24 naga magi
  6 unseen horrors
  Maggie (D:6)
  2 gargoyles
  2 rime drakes
  12 komodo dragons
  An orange demon (Lair:3)
  An unseen horror (shapeshifter) (D:15)
  Psyche (D:8)
  3 kobold demonologists
  32 yaktaurs
  3 efreet
  A freezing wraith (Crypt:1)
  A tengu conjurer (D:15)
  An ice devil (D:10)
  2 hellwings (D:10)
  A golden dragon simulacrum (IceCv)
  A harpy zombie (Crypt:1)
  A sea snake skeleton (Crypt:1)
  2 anaconda simulacra (IceCv)
  5 trolls
  A red devil (D:10)
  30 merfolk
  A tengu simulacrum (Vaults:4)
  A human skeleton (Vaults:4)
  9 polar bears
  A blink frog (shapeshifter) (Vaults:3)
  9 hornets
  5 wind drakes
  42 slime creatures
  8 blink frogs
  17 dream sheep
  14 snapping turtles
  A jumping spider (Vaults:1)
  A dire elephant simulacrum (IceCv)
  2 air elementals (Elf:2)
  An ettin skeleton (Crypt:1)
  14 spriggans (Lair:5)
  Sigmund (D:4)
  A shadow (D:13)
  6 wraiths
  Eustachio (D:5)
  5 fire elementals
  2 vampires
  7 hogs (D:13)
  3 humans (D:14)
  3 redbacks
  9 water elementals
  8 basilisks
  4 wyverns
  55 yaks
  A steam dragon (D:8)
  23 vampire mosquitoes
  A two-headed ogre zombie (Crypt:1)
  7 wargs
  44 nagas
  An ogre zombie (Vaults:4)
  An acid dragon (D:11)
  13 water moccasins
  A swamp drake (D:11)
  5 black bears
  3 ice beasts
  19 orc warriors
  An ettin simulacrum (IceCv)
  3 sky beasts
  22 ogres
  An ogre skeleton (Vaults:4)
  2 alligator simulacra (IceCv)
  3 boggarts (Lair:5)
  23 wolves
  7 centaurs
  4 lemures (D:6)
  2 phantoms
  3 kobold brigands
  Blork the orc (D:4)
  A necrophage (D:5)
  2 gnoll sergeants
  8 bullfrogs
  A scorpion (D:5)
  A spectral warg (Orc:2)
  2 two-headed ogre simulacra
  2 earth elementals (Elf:2)
  4 wights (D:6)
  10 killer bees (D:9)
  3 electric eels
  2 howler monkeys
  3 hounds
  A jelly (D:4)
  14 orc priests
  4 iguanas
  2 warg simulacra (Orc:2)
  Natasha (thrice) (D:3)
  17 orc wizards
  A spectral orc (Orc:2)
  3 hell rats (Lair:2)
  9 mummies
  9 gnolls
  12 adders
  7 river rats (Lair:2)
  A shadow imp (D:5)
  6 white imps
  6 ufetubi
  3 orc simulacra (Orc:2)
  2 worms
  5 dart slugs
  77 orcs
  8 endoplasms
  3 giant cockroaches
  A gnoll zombie (Ossuary)
  10 goblins
  10 hobgoblins
  5 jackals
  2 quokkas
  11 ball pythons
  7 bats
  5 frilled lizards
  A hobgoblin zombie (Crypt:1)
  16 kobolds
  4 kobold zombies (Ossuary)
  3 orc zombies (Ossuary)
  21 rats
  A plant (Shoals:4)
  2 tentacles
1638 creatures vanquished.

Vanquished Creatures (others)
  A dancing weapon (Shoals:1)
  2 demonic plants (D:10)
  35 fungi
  223 plants
  6 tentacles
  7 toadstools (D:1)
274 creatures vanquished.

Grand Total: 1912 creatures vanquished

Notes
Turn   | Place    | Note
-------+----------+-------------------------------------------
     0 | D:1      | zero the Gargoyle Conjurer began the quest for the Orb.
     0 | D:1      | Reached XP level 1. HP: 10/10 MP: 3/3
   354 | D:1      | Reached XP level 2. HP: 6/15 MP: 1/5
   427 | D:1      | Found Ewnauc's Jewellery Boutique.
   797 | D:1      | Found Qoll's Assorted Antiques.
   918 | D:1      | Reached skill level 3 in Spellcasting
   966 | D:1      | Learned a level 2 spell: Searing Ray
   993 | D:1      | Found Ydoqyny's Distillery.
  1107 | D:1      | Found Rankooxu's Weapon Emporium.
  1160 | D:1      | Reached XP level 3. HP: 19/19 MP: 5/7
  2180 | D:2      | Reached XP level 4. HP: 24/24 MP: 5/9
  2448 | D:3      | Reached skill level 4 in Spellcasting
  2562 | D:3      | Found a hide-covered altar of Uskayaw.
  2781 | D:3      | Noticed Natasha
  2787 | D:3      | Killed Natasha
  3003 | D:3      | Reached XP level 5. HP: 17/28 MP: 6/12
  3151 | D:3      | Reached skill level 5 in Spellcasting
  3768 | D:4      | Noticed Sigmund
  3777 | D:4      | Killed Sigmund
  3778 | D:4      | Reached skill level 6 in Spellcasting
  3778 | D:4      | Reached XP level 6. HP: 32/32 MP: 2/15
  4051 | D:3      | Noticed Natasha
  4064 | D:3      | Killed Natasha
  4070 | D:3      | Noticed Natasha
  4076 | D:3      | Killed Natasha
  4173 | D:4      | Reached XP level 7. HP: 36/36 MP: 2/17
  4178 | D:4      | Learned a level 4 spell: Iskenderun's Mystic Blast
  4293 | D:4      | Found a staircase to the Ecumenical Temple.
  4311 | Temple   | Entered the Ecumenical Temple
  4420 | Temple   | Became a worshipper of Gozag Ym Sagoz the Greedy
  4584 | D:4      | Reached skill level 1 in Translocations
  4729 | D:3      | Reached skill level 7 in Spellcasting
  5267 | D:4      | Noticed Blork the orc
  5278 | D:4      | Killed Blork the orc
  5701 | D:4      | Identified a scroll of acquirement
  5701 | D:4      | Acquired 1191 gold pieces
  5718 | D:5      | Entered Level 5 of the Dungeon
  5816 | D:5      | Reached XP level 8. HP: 41/41 MP: 12/19
  6478 | D:5      | Reached skill level 8 in Spellcasting
  6699 | D:5      | Reached skill level 1 in Fighting
  6878 | D:5      | Noticed Eustachio
  6894 | D:5      | Killed Eustachio
  7103 | D:5      | Found a broken altar of Ashenzari.
  7106 | D:5      | Found a shimmering altar of Xom.
  7106 | D:5      | Found a radiant altar of Vehumet.
  7369 | D:6      | Reached skill level 5 in Conjurations
  7537 | D:6      | Found a transporter.
  7591 | D:6      | Reached XP level 9. HP: 50/50 MP: 12/21
  7672 | D:6      | Found a transporter.
  7760 | D:6      | Reached skill level 5 in Translocations
  8113 | D:6      | Noticed Pikel
  8135 | D:6      | Killed Pikel
  8136 | D:6      | Reached skill level 9 in Spellcasting
  8245 | D:6      | Noticed Maggie
  8255 | D:6      | Killed Maggie
  8256 | D:6      | Reached skill level 5 in Fighting
  8649 | D:6      | Reached skill level 10 in Spellcasting
  9227 | D:1      | Bought a glowing cloak for 195 gold pieces
  9227 | D:1      | Bought a dazzling broad axe for 234 gold pieces
  9227 | D:1      | Identified the +7 broad axe "Telox" {holy, *Noise rElec
                  | Will+ Int+8} (You bought it in a shop on level 1 of the
                  | Dungeon)
  9684 | D:7      | Found a sand-covered staircase.
  9693 | Ossuary  | Entered an ossuary
  9987 | D:7      | Reached XP level 10. HP: 59/59 MP: 22/24
 10426 | D:1      | Bought a +6 ring of intelligence for 432 gold pieces
 10617 | D:8      | Reached skill level 11 in Spellcasting
 10619 | D:8      | Noticed Psyche
 10627 | D:8      | Killed Psyche
 10924 | D:8      | Reached skill level 12 in Spellcasting
 11055 | D:8      | Noticed a catoblepas
 11080 | D:8      | Killed a catoblepas
 11392 | D:8      | Found Maochiwn's Assorted Antiques.
 11599 | D:9      | Found a staircase to the Lair.
 11646 | D:9      | Reached skill level 13 in Spellcasting
 11687 | D:9      | You fall into a shaft and drop 1 floor!
 11687 | D:10     | Entered Level 10 of the Dungeon
 12096 | D:10     | Reached XP level 11. HP: 54/63 MP: 9/28
 12311 | D:10     | Noticed a white ugly thing
 12316 | D:10     | Killed a white ugly thing
 12580 | D:10     | Found a burning altar of Makhleb.
 12636 | D:10     | Noticed a sun demon
 12667 | D:10     | Killed a sun demon
 12668 | D:10     | Reached skill level 14 in Spellcasting
 12803 | D:10     | Learned a level 5 spell: Borgnjor's Vile Clutch
 12869 | D:10     | Reached skill level 1 in Earth Magic
 13168 | D:10     | Reached skill level 1 in Necromancy
 13969 | D:9      | Noticed a two-headed ogre
 13983 | D:9      | Killed a two-headed ogre
 14149 | D:9      | Found Luton's Demolitions Depot.
 14334 | D:9      | Found a white marble altar of Elyvilon.
 14602 | D:9      | Identified the +8 short sword of Wivatef {freeze, *Rage
                  | Will+ rCorr Dex+2}
 15134 | Lair:1   | Entered Level 1 of the Lair of Beasts
 15147 | Lair:1   | Learned a level 8 spell: Ignition
 15155 | Lair:1   | Learned a level 7 spell: Ozocubu's Refrigeration
 15225 | Lair:1   | Noticed Gastronok
 15287 | Lair:1   | Reached skill level 1 in Ice Magic
 15287 | Lair:1   | Reached skill level 5 in Earth Magic
 15397 | Lair:1   | Reached XP level 12. HP: 68/68 MP: 24/30
 16356 | Lair:1   | Acquired 284 gold pieces
 16457 | Lair:1   | Killed Gastronok
 16672 | Lair:1   | Identified the +0 short sword of Bloodstone {freeze, rN+++
                  | Will+ Int-4 Dex+4}
 16821 | Lair:1   | Reached skill level 5 in Necromancy
 17004 | Lair:1   | Bought an amulet of magic regeneration for 390 gold pieces
 17035 | Lair:2   | Noticed a seven-headed hydra
 17047 | Lair:2   | Killed a seven-headed hydra
 17048 | Lair:2   | Reached skill level 5 in Ice Magic
 17644 | Lair:2   | Found a broken altar of Ashenzari.
 17781 | Lair:2   | Found a staircase to the Snake Pit.
 17855 | Lair:2   | Reached XP level 13. HP: 63/76 MP: 28/31
 18072 | Lair:2   | Reached skill level 15 in Spellcasting
 18310 | Lair:2   | Found a staircase to the Shoals.
 19275 | Lair:3   | Noticed Amaemon
 19289 | Lair:3   | Killed Amaemon
 19611 | Lair:3   | Identified the +4 trident of Disembowelment {freeze, rPois
                  | Will+}
 20963 | Lair:4   | Reached skill level 1 in Armour
 21002 | Lair:4   | Reached skill level 1 in Fire Magic
 21129 | Lair:4   | Bought a +1 pair of gloves of stealth for 165 gold pieces
 21176 | Lair:5   | Entered Level 5 of the Lair of Beasts
 21744 | Lair:5   | Gained mutation: Your large and strong wings let you fly.
                  | [Gargoyle growth]
 21744 | Lair:5   | Reached XP level 14. HP: 52/86 MP: 27/33
 21772 | Lair:5   | Reached skill level 10 in Ice Magic
 22306 | Lair:5   | Identified the +8 arbalest of Roont {freeze, Str+2}
 23197 | Lair:5   | Reached skill level 10 in Fighting
 23288 | Lair:5   | Identified the +3 ring mail of Majestic Miracles {*Slow
                  | rPois rN+ Regen+}
 23330 | Lair:5   | Acquired 1031 gold pieces
 23371 | Lair:5   | Found a hide-covered altar of Uskayaw.
 23371 | Lair:5   | Found an ornate altar of the Wu Jian Council.
 23816 | Lair:5   | Found a staircase to the Slime Pits.
 23816 | Lair:5   | Found a viscous altar of Jiyva.
 24560 | D:11     | Reached skill level 16 in Spellcasting
 24943 | D:11     | Found a staircase to the Orcish Mines.
 25786 | D:12     | Identified the +1 chain mail of Patience {Harm Rampage
                  | Will- Str+3}
 26508 | D:12     | Found an ornate altar of the Wu Jian Council.
 26588 | D:13     | Noticed Erolcha
 26594 | D:13     | Killed Erolcha
 26674 | D:13     | Noticed Kirke
 26689 | D:13     | Found a sacrificial altar of Ru.
 26790 | D:13     | Killed Kirke
 27040 | D:13     | Reached XP level 15. HP: 92/92 MP: 34/35
 27382 | D:13     | Noticed Rupert
 27465 | D:13     | Reached skill level 17 in Spellcasting
 27511 | D:13     | Found a gate to the Vaults.
 27794 | Orc:1    | Entered Level 1 of the Orcish Mines
 27898 | Orc:2    | Entered Level 2 of the Orcish Mines
 28012 | Orc:2    | Found Wischuob's Assorted Antiques.
 28094 | Orc:2    | Found a staircase to the Elven Halls.
 28362 | Orc:2    | Reached skill level 1 in Evocations
 28552 | Orc:2    | Noticed Sonja
 28554 | Orc:2    | Killed Sonja
 28618 | Orc:2    | Found Siehieruta's Antique Armour Shop.
 28643 | Orc:2    | Reached skill level 5 in Stealth
 28797 | Orc:2    | Found Coapsuj's Antique Weapon Emporium.
 28797 | Orc:2    | Found Suzefy's Book Boutique.
 28797 | Orc:2    | Found Tolar's Antique Weapon Shop.
 28797 | Orc:2    | Found Noow Ebbecs's Distillery.
 29002 | Orc:2    | Found Cekoyblo's Distillery.
 29046 | Orc:2    | Found a runed translucent gate.
 29047 | Orc:2    | Found a runed translucent gate.
 29047 | Orc:2    | Found a runed translucent gate.
 29050 | Orc:2    | Noticed zero's ghost (journeyman OpCj)
 29568 | Orc:2    | Bought a scroll of enchant armour for 285 gold pieces
 29746 | Orc:1    | Found Issiass's Distillery.
 29898 | Orc:1    | Found Teoby's Book Shoppe.
 29940 | Orc:1    | Found Wuharch's Jewellery Boutique.
 30818 | D:13     | Got the Spellbook of Translocation
 31125 | D:13     | Acquired a book of Ice
 31130 | D:13     | Learned a level 2 spell: Blink
 31188 | D:13     | Killed Rupert
 31314 | D:14     | Noticed Roxanne
 31458 | D:14     | Found a glowing golden altar of the Shining One.
 31481 | D:14     | Found a frozen archway.
 31492 | IceCv    | Entered an ice cave
 31495 | IceCv    | Found a transporter.
 31764 | IceCv    | Identified the +7 ice dragon scales of the Other World
                  | {Harm +Inv rF- rC++ rN+ Str-5}
 31765 | IceCv    | Found a transporter.
 32001 | D:14     | Acquired 854 gold pieces
 32008 | D:14     | Bought the -2 hat of the Alchemist {rElec rPois rF+ rC+ rN+
                  | Will+ rMut rCorr} for 660 gold pieces
 32008 | D:14     | Found the -2 hat of the Alchemist {rElec rPois rF+ rC+ rN+
                  | Will+ rMut rCorr}
 32008 | D:14     | Bought the +3 pair of mountain boots {steadfast, rC+} for
                  | 469 gold pieces
 32008 | D:14     | Found the +3 pair of mountain boots {steadfast, rC+}
 32323 | D:14     | Found a burning altar of Makhleb.
 32351 | D:14     | Reached skill level 5 in Armour
 32443 | D:14     | Reached skill level 5 in Fire Magic
 32518 | D:14     | Reached XP level 16. HP: 82/97 MP: 21/37
 32763 | D:14     | Reached skill level 18 in Spellcasting
 33361 | D:14     | Bought a pair of brightly glowing boots for 294 gold pieces
 33361 | D:14     | Identified the +0 pair of boots "Afouj" {rF+ rCorr Int-4
                  | Dex+4} (You bought it in a shop on level 14 of the Dungeon)
 33521 | Snake:1  | Entered Level 1 of the Snake Pit
 33612 | Snake:1  | Found Kuzaed's General Store.
 33614 | Snake:1  | Found Ziegrol's General Store.
 33617 | Snake:1  | Found Vejenig's General Store.
 34245 | Snake:1  | Bought a +2 robe of the Archmagi for 565 gold pieces
 35911 | Snake:2  | Noticed Aizul
 35923 | Snake:2  | Killed Aizul
 36022 | Snake:2  | Noticed Asterion
 36028 | Snake:2  | Killed Asterion
 36328 | Snake:2  | Noticed Vashnia
 36332 | Snake:2  | Reached skill level 19 in Spellcasting
 36399 | Snake:2  | Killed Vashnia
 36555 | Snake:2  | Reached XP level 17. HP: 77/102 MP: 35/40
 36697 | Snake:2  | Identified the +0 helmet "Sose" {-Tele rN+++ Str+5 Slay-4}
 36833 | Snake:2  | Identified the +4 short sword of Armageddon {freeze, Dex+2}
 36942 | Snake:2  | Reached skill level 10 in Fire Magic
 37373 | Snake:3  | Identified the +7 flail "Nilli" {freeze, Str+2}
 38942 | Snake:3  | Found Yraitt's Neck Hole.
 39306 | Snake:1  | Bought a scroll of acquirement for 832 gold pieces
 39306 | Snake:1  | Acquired 669 gold pieces
 39478 | Orc:2    | Bought a runed cloak for 277 gold pieces
 39528 | Orc:2    | Killed zero's ghost
 39873 | Snake:4  | Entered Level 4 of the Snake Pit
 40920 | Snake:4  | Reached skill level 20 in Spellcasting
 41855 | Snake:4  | Reached XP level 18. HP: 107/107 MP: 42/42
 42007 | Snake:4  | Found a runed translucent gate.
 42007 | Snake:4  | Found a runed translucent gate.
 42007 | Snake:4  | Found a runed translucent gate.
 42015 | Snake:4  | Found an opulent altar of Gozag.
 42556 | Snake:4  | Got a serpentine rune of Zot
 42580 | Snake:4  | Reached skill level 5 in Evocations
 42664 | Snake:4  | Noticed Xeredd's ghost (adept KoGl)
 42986 | D:15     | Entered Level 15 of the Dungeon
 43080 | D:15     | Found a staircase to the Depths.
 43461 | D:15     | Found a radiant altar of Vehumet.
 44393 | Elf:1    | Entered Level 1 of the Elven Halls
 44748 | Elf:1    | Noticed Nikola
 44755 | Elf:1    | Killed Nikola
 44756 | Elf:1    | Reached skill level 15 in Fire Magic
 45184 | Elf:1    | Found a radiant altar of Vehumet.
 45245 | Elf:1    | Found Hysch's Book Emporium.
 45408 | Elf:1    | Found Wantim's Jewellery Shop.
 45409 | Elf:1    | Found Jaaxiargh's Book Emporium.
 45417 | Elf:1    | Bought a book of Burglary for 320 gold pieces
 45417 | Elf:1    | Bought a book of Alchemy for 448 gold pieces
 45421 | Elf:1    | Learned a level 3 spell: Swiftness
 45628 | Elf:1    | Reached skill level 21 in Spellcasting
 45878 | Elf:1    | Reached XP level 19. HP: 102/112 MP: 44/44
 46315 | Elf:2    | Found a crumbling gateway.
 46575 | Elf:2    | Found a runed translucent gate.
 46575 | Elf:2    | Found a runed translucent gate.
 46619 | Elf:2    | Found a runed translucent gate.
 46760 | Elf:2    | Found Asedoifo's Distillery.
 47776 | Elf:3    | Entered Level 3 of the Elven Halls
 47886 | Elf:3    | Identified the +6 short sword "Killer Klown's Bane" {pain,
                  | Dex+4}
 48941 | Elf:3    | Identified the +10 bardiche "Impslayer" {vorpal, rF+ rCorr}
 48997 | Elf:3    | Identified the +9 bardiche of Invincibility {vorpal, +Blink
                  | rPois Str+3}
 49327 | Elf:3    | Identified the +5 quarterstaff "Niubric" {freeze, rPois
                  | rN+}
 49352 | Elf:3    | Identified the +3 glaive "Newtbane" {vorpal, rElec rC-
                  | rCorr}
 49377 | Elf:3    | Identified the +2 pair of gloves of Jeshuask {*Corrode
                  | rElec Regen+ Int+7}
 49466 | Elf:3    | Found the +7 mace of Variability {chain chaos}
 49489 | Elf:3    | Identified the amulet "Ybbe" {Faith rC+ MP+9}
 49664 | Orc:1    | Bought a book of Annihilations for 780 gold pieces
 50162 | Shoals:1 | Entered Level 1 of the Shoals
 50224 | Shoals:1 | Found Reuger's Assorted Antiques.
 50421 | Shoals:1 | Reached skill level 1 in Shields
 50718 | Shoals:1 | Found a runed translucent door.
 50737 | Shoals:1 | Found a shimmering altar of Xom.
 50737 | Shoals:1 | Noticed emiel's ghost (journeyman OgEE)
 50795 | Shoals:1 | Killed emiel's ghost
 51069 | Shoals:1 | Reached XP level 20. HP: 77/117 MP: 28/45
 51457 | Shoals:2 | Reached skill level 22 in Spellcasting
 53145 | Shoals:3 | Noticed Polyphemus
 53151 | Shoals:3 | Killed Polyphemus
 53923 | Shoals:4 | Entered Level 4 of the Shoals
 54095 | Shoals:4 | Identified the ring "Wair" {Wiz rElec rCorr Int+4}
 54565 | Shoals:4 | Reached skill level 15 in Ice Magic
 55321 | Shoals:4 | Got a barnacled rune of Zot
 55784 | Vaults:1 | Entered Level 1 of the Vaults
 56401 | Vaults:1 | Reached XP level 21. HP: 124/124 MP: 42/47
 57387 | Vaults:1 | Learned a level 9 spell: Chain Lightning
 57397 | Vaults:1 | Learned a level 9 spell: Shatter
 58595 | Vaults:2 | Reached skill level 1 in Air Magic
 58786 | Vaults:2 | Found Bamikupn's Jewellery Emporium.
 58815 | Vaults:2 | Reached skill level 5 in Dodging
 59234 | Vaults:3 | Noticed Mennas
 60691 | Vaults:3 | Killed Mennas
 61303 | Vaults:3 | Reached XP level 22. HP: 133/133 MP: 37/48
 61604 | Vaults:3 | Found a staircase to the Crypt.
 61604 | Vaults:3 | Found an ancient bone altar of Kikubaaqudgha.
 61605 | Vaults:3 | Found a basalt altar of Yredelemnul.
 62000 | Vaults:3 | Found the +6 arbalest "Damnation" {damnation}
 62292 | Vaults:3 | Learned a level 8 spell: Lehudib's Crystal Spear
 65025 | Crypt:1  | Entered Level 1 of the Crypt
 66002 | Crypt:1  | Slain by a vampire knight

Illustrated notes

Levels and vault maps discovered:
D:1:      nagdon_arrival_double_spiral, layout_loops_ring, serial_shops, shop,
          nicolae_shop_behind_doors, nicolae_shop_overgrown_old_shop,
          nicolae_shop_bloodbath_and_beyond, serial_aquarium,
          aquarium_bridge_long_joined [aquarium_subvault_bridge,
          aquarium_subvault_bridge, aquarium_subvault_wall,
          aquarium_subvault_bridge, aquarium_subvault_wall,
          aquarium_subvault_wall], aquarium_bridge_square
          [aquarium_subvault_wall, aquarium_subvault_wall,
          aquarium_subvault_bridge, aquarium_subvault_wall],
          aquarium_window_fake, aquarium_window_1, aquarium_window_3,
          aquarium_view_2c, chequers_serial_rivers_micro_c
D:2:      layout_loops_ring
D:3:      layout_basic, nicolae_uskayaw_dance_hall, chequers_garden,
          minmay_puff, uniq_natasha
D:4:      layout_rooms, minmay_temple_entry_mini_moons, uniq_sigmund,
          uniq_blork_the_orc
D:5:      layout_loops_ring, grunt_temple_overflow_diamond, uniq_eustachio
D:6:      gammafunk_steamed_eel, layout_basic, uniq_maggie, uniq_pikel
D:7:      layout_basic, gup_ossuary_entry_pyramid
D:8:      layout_gridville, serial_shops, nicolae_diamond_shop, uniq_psyche
D:9:      layout_irregular_city, marbit_many_paths, lair_entry_dummy,
          nicolae_blasting_shop
D:10:     layout_loops_ring, mainiacjoe_overflow_surrounded_room,
          serial_demonic, serial_demonic_e, serial_demonic_c, serial_demonic_f,
          serial_demonic_g, minmay_microvault
D:11:     layout_cross, erik_orc_1
D:12:     layout_gridville, grunt_ministairs_1, nzn_wu_jian_council_hall
D:13:     layout_roguey, david_vaults_5, nicolae_ru_great_annihilating_truth,
          uniq_rupert, uniq_erolcha, uniq_kirke
D:14:     slaughterhouse, layout_gridville, portal_ice_cave_entry_pillars_1,
          bloody_makhleb, serial_ice, serial_ice_g, serial_ice_e, serial_ice_k,
          serial_ice_m, tso_oasis_becter, uniq_roxanne
D:15:     hangedman_depths_entry_civil_slaughter, layout_loops_ring,
          vehumet_crystals
Temple:   nicolae_temple_superstar
Lair:1:   layout_long_grid, minmay_lair_oklob_items, nzn_random_ring,
          uniq_gastronok
Lair:2:   layout_cave_pods, minmay_shoals_entry_centaurs, dummy_snake_entry,
          basic_altar, kennysheep_abandoned_house, lemuel_fruit_fields,
          serial_bayou_shore_b, infiniplex_staircase_pool
Lair:3:   layout_loops_ring, hangedman_lair_generics_rect, grunt_megastairs_2,
          lemuel_fruit_tree, infiniplex_staircase_pool_2, serial_bayou_shore_a,
          uniq_amaemon
Lair:4:   layout_concentric_octagons, cheibrodos_lair_lostbears
Lair:5:   minmay_lair_end_enchanted_forest, layout_cave_pods, slime_entry_1,
          nzn_masters_of_martial_movement
Shoals:1: cheibrodos_shoals_roost, layout_shoals, serial_shops,
          nicolae_shop_hallway_stairs, ebering_ghost_xom
Shoals:2: layout_shoals, nicolae_splish_splash
Shoals:3: nicolae_shoals_island_circles, layout_shoals, uniq_polyphemus
Shoals:4: shoals_end_grunt_ice, layout_shoals
Snake:1:  layout_grid_maze, minmay_shop_star
Snake:2:  layout_chambers, uniq_vashnia, uniq_asterion, uniq_aizul
Snake:3:  layout_cave_town, nicolae_shop_sticking_my_neck_out,
          grunt_megastairs_5
Snake:4:  grunt_snake_rune_pools, layout_basic, ebering_ghost_gozag
Orc:1:    layout_diamond_mine, serial_shops, shop, nicolae_diamond_shop,
          shop_fountains, nicolae_orc_damp_corner
Orc:2:    st_orc_ogre_mass, layout_diamond_mine, gammafunk_ghost_necromancy,
          serial_shops, shop, shop, nicolae_shop_hallway_plus,
          minmay_orc_barracks, uniq_sonja
Elf:1:    elf_arrival_002, layout_loops_ring, basic_altar,
          kennysheep_underground_church, minmay_shop_grove, grunt_megastairs_3,
          uniq_louise, uniq_nikola
Elf:2:    elven_hall_of_blades_hangedman_original [nicolae_blade_lattice],
          layout_geoelf_octagon, portal_desolation_entry_ruin, serial_shops,
          nicolae_stop_n_shop_2, due_unseen_surprise
Elf:3:    minmay_elf_hall_dome, layout_geoelf_octagon
Vaults:1: hangedman_vaults_trim, vaults_room_pools, hangedman_vaults_slice,
          v_misc_4, v_rooms_2, v_pattern_1, v_misc_1, vaults_room_pool,
          v_misc_22, vaults_dpeg_emergency_exit, layout_vaults_omnicross
Vaults:2: v_misc_25, v_misc_4, v_alt_pattern_2, v_rooms_6,
          grunt_vaults_hallway_short, nicolae_vaults_shelves_hall,
          layout_vaults_omnigrid, serial_shops, shop
Vaults:3: vaults_mumra_chevron, minmay_crypt_entry_necro_gods,
          hangedman_vaults_unwind, nicolae_vaults_angled_halls,
          hangedman_vaults_hard_town_square, v_misc_31, nicolae_vaults_big_ls,
          vaults_room_hallway, grunt_vaults_trifunnel,
          nicolae_vaults_mini_display_case, ontoclasm_vaults_twist,
          ontoclasm_vaults_loading_screen, vaults_room_pools,
          layout_vaults_chaotic_city, uniq_mennas
Vaults:4: grunt_vaults_swirl, v_pattern_3, vaults_mumra_hex,
          nicolae_vaults_twisting_passages, nicolae_vaults_network_quinsquares
          [nicolae_vaults_network_quincunx_subvault,
          nicolae_vaults_network_quincunx_subvault,
          nicolae_vaults_network_quincunx_subvault,
          nicolae_vaults_network_quincunx_subvault], v_misc_10,
          ontoclasm_vaults_hangar, nicolae_vaults_fighting_squares,
          vaults_room_pool, layout_vaults_ring
Crypt:1:  layout_chaotic_city, grunt_ministairs_11, grunt_crypt_arrival_webbed,
          grunt_megastairs_1, lemuel_upstairs_altar

Skill      XL: |  1  2  3  4  5  6  7  8  9 10 11 12 13 14 15 16 17 18 19 20 21 22 |
---------------+-------------------------------------------------------------------+-----
Spellcasting   | 3 4 6 7 8 10 13 14 15 16 17 19 20 21 22 | 22.6
Translocations | 3 4 5 |  5.0
Fighting       | 3 5 7 9 10 11 12 13 | 13.5
Conjurations   | 5 6 7 8 |  8.9
Earth Magic    | 5 6 8 |  8.6
Necromancy     | 3 5 |  5.0
Ice Magic      | 1 6 9 12 13 14 15 16 | 16.5
Armour         | 2 3 5 7 8 |  8.8
Fire Magic     | 2 5 9 12 15 16 17 | 17.8
Stealth        | 4 5 7 8 |  8.0
Evocations     | 3 4 5 |  5.0
Shields        | 2 |  2.0
Dodging        | 4 5 |  5.0
Air Magic      | 2 3 |  3.8

Action                   |  1- 3 |  4- 6 |  7- 9 | 10-12 | 13-15 | 16-18 | 19-21 | 22-24 || total
-------------------------+-------+-------+-------+-------+-------+-------+-------+-------++-------
Melee: Unarmed           |    21 |       |       |       |       |       |       |       ||    21
       Dagger            |    24 |    24 |    39 |       |       |       |       |       ||    87
       Punch             |       |       |     1 |       |       |     1 |       |       ||     2
       Broad axe         |       |       |    37 |   152 |   293 |   138 |    38 |    38 ||   696
 Cast: Magic Dart        |    65 |    42 |    89 |    98 |   100 |    26 |     8 |       ||   428
       Searing Ray       |     2 |    15 |    55 |    22 |     1 |     5 |     3 |       ||   103
       Iskenderun's Myst |       |       |    15 |   102 |   273 |    63 |    45 |     7 ||   505
       Borgnjor's Vile C |       |       |       |    39 |   182 |   115 |    37 |    11 ||   384
       Ozocubu's Refrige |       |       |       |       |    57 |   249 |   433 |    53 ||   792
       Ignition          |       |       |       |       |       |     8 |   118 |   162 ||   288
       Swiftness         |       |       |       |       |       |       |     4 |       ||     4
Invok: Call Merchant     |       |       |     2 |     1 |     2 |     2 |       |       ||     7
Evoke: Wand              |       |       |       |     4 |     3 |       |     1 |       ||     8
       Tin of tremorston |       |       |       |     2 |       |     1 |       |       ||     3
       Phial of floods   |       |       |       |       |       |       |     1 |       ||     1
       Phantom mirror    |       |       |       |       |       |       |     1 |       ||     1
       Condenser vane    |       |       |       |       |       |       |     1 |       ||     1
       Lightning rod     |       |       |       |       |       |       |       |     2 ||     2
  Use: Scroll            |       |       |    24 |     9 |    14 |     9 |     5 |       ||    61
       Potion            |       |       |       |       |     1 |     1 |     5 |       ||     7
 Stab: Sleeping          |       |       |       |     1 |     2 |       |     1 |       ||     4
       Distracted        |       |       |       |       |     1 |     1 |       |       ||     2
Armor: Robe              |    37 |    17 |   120 |   278 |   477 |   244 |   129 |    79 ||  1381
Dodge: Dodged            |    37 |    48 |   166 |   245 |   412 |   180 |    96 |    63 ||  1247
Block: Buckler           |       |       |       |     5 |    60 |    14 |    60 |    29 ||   168

Table legend: (Time is in decaauts)
 A = Elapsed time spent in this place.
 B = Non-inter-level travel time spent in this place.
 C = Inter-level travel time spent in this place.
 D = Time resting spent in this place.
 E = Time spent auto-exploring this place.
 F = Levels seen in this place.
 G = Mean time per level.
                   A        B        C        D        E       F      G
               +--------+--------+--------+--------+--------+-----+--------+
         Total |  66599 |  61733 |   4866 |  15351 |  35549 |  41 | 1624.4 |
       Dungeon |  23571 |  20978 |   2593 |   4781 |  13114 |  15 | 1571.4 |
        Temple |    118 |     90 |     28 |      0 |     73 |   1 |  118.0 |
          Lair |   9246 |   8798 |    448 |   2571 |   4260 |   5 | 1849.2 |
        Shoals |   5470 |   5265 |    205 |    989 |   3439 |   4 | 1367.5 |
     Snake Pit |   8915 |   8531 |    384 |   2664 |   4217 |   4 | 2228.8 |
  Orcish Mines |   3371 |   2930 |    441 |    653 |   1790 |   2 | 1685.5 |
   Elven Halls |   5109 |   4627 |    482 |   1089 |   2483 |   3 | 1703.0 |
        Vaults |   9499 |   9217 |    282 |   2060 |   5751 |   4 | 2374.8 |
         Crypt |    742 |    742 |      0 |    306 |    248 |   1 |  742.0 |
       Ossuary |    236 |    236 |      0 |      0 |    151 |   1 |  236.0 |
      Ice Cave |    317 |    317 |      0 |    237 |     23 |   1 |  317.0 |
               +--------+--------+--------+--------+--------+-----+--------+

Top non-repeatable levels by time:
Vaults:3: 3291 daAuts
 Snake:4: 2842 daAuts
    D:10: 2682 daAuts
   Orc:2: 2657 daAuts
Vaults:4: 2576 daAuts
 Snake:1: 2383 daAuts
     D:3: 2368 daAuts
  Lair:5: 2348 daAuts
  Lair:2: 2206 daAuts
  Lair:1: 2082 daAuts
 Snake:3: 2051 daAuts
    D:14: 2012 daAuts
   Elf:3: 1961 daAuts
     D:6: 1954 daAuts
Vaults:2: 1922 daAuts
